 Dungeon Crawl Stone Soup version 0.28-a0-850-g09de17f5b5 (webtiles) character file.

Game seed: 5563987920639477509

32645 devnull the Spry (level 13, -12/103 HPs)
             Began as a Merfolk Gladiator on Nov 8, 2021.
             Was a High Priest of Okawaru.
             Mangled by a two-headed ogre (17 damage)
             ... on level 2 of the Orcish Mines on Nov 14, 2021.
             The game lasted 01:28:28 (15514 turns).

devnull the Spry (Merfolk Gladiator)               Turns: 15514, Time: 01:28:30

Health: -12/103    AC: 18    Str: 19    XL:     13   Next: 65%
Magic:  17/19      EV: 24    Int:  7    God:    Okawaru [*****.]
Gold:   1312       SH:  0    Dex: 17    Spells: 12/12 levels left

rFire   . . .      SeeInvis .   a - +10 quick blade of the Glimmering Hero {flame, rElec Will+ Str-5}
rCold   . . .      Faith    .   (no shield)
rNeg    . . .      Spirit   .   E - +0 steam dragon scales
rPois   .          Reflect  .   c - +1 helmet
rElec   +          Harm     .   W - +2 cloak {rCorr}
rCorr   +          Rampage  .   L - +0 pair of gloves
Will    +....                   R - +0 pair of boots
Stlth   +++.......              f - amulet of regeneration
HPRegen 1.27/turn               T - +6 ring of strength
MPRegen 0.16/turn               g - +4 ring of protection

@: about to teleport, heroic
A: (nimble swimmer 2), mertail
a: Renounce Religion, Heroism, Finesse, Duel


You were on level 2 of the Orcish Mines.
You worshipped Okawaru.
Okawaru was extremely pleased with you.
You visited 3 branches of the dungeon, and saw 15 of its levels.
You also visited: Gauntlet.

You collected 1375 gold pieces.
You spent 63 gold pieces at shops.

Inventory:

Hand Weapons
 a - the +10 quick blade of the Glimmering Hero (weapon) {flame, rElec Will+ Str-5}
   (You acquired it on level 8 of the Dungeon)

   It burns those it strikes, dealing additional fire damage.
   Str:       It affects your strength (-5).
   rElec:     It insulates you from electricity.
   Will:      It increases your willpower.
 b - a +0 shortbow of flaming
 j - a +1 dagger of venom
 q - a +3 quarterstaff of chaos
 z - a +0 trident
 B - a +0 short sword of freezing
 H - a +1 vorpal spear {@w1}
 N - the +7 flail of Xichez {chaos, rF+, @w2}
   (You took it off an orc on level 4 of the Dungeon)

   Each time it hits an enemy it has a different, random effect.
   rF:        It protects you from fire.
 S - a +2 spear of venom
Missiles
 r - 22 boomerangs (quivered)
 v - 3 atropa-tipped darts
 G - 44 poisoned darts
 I - 198 arrows
Armour
 c - a +1 helmet (worn)
 d - a +0 buckler
 l - a +0 tower shield
 p - a +1 hat of stealth
 E - +0 steam dragon scales (worn)
 L - a +0 pair of gloves (worn)
 R - a +0 pair of boots (worn)
 W - a +2 cloak of preservation (worn)
 X - a +2 hat of see invisible
 Y - the +1 ring mail of the Burgomaster {rC++ Regen+ Dex+3}
   (Okawaru gifted it to you on level 2 of the Orcish Mines)

   Dex:       It affects your dexterity (+3).
   rC:        It greatly protects you from cold.
   Regen:     It increases your rate of health regeneration.
Jewellery
 f - an amulet of regeneration (around neck)
 g - a +4 ring of protection (right hand)
 h - a ring of resist corrosion
 k - a ring of magical power
 t - a ring of protection from fire
 T - a +6 ring of strength (left hand)
 V - a +4 ring of evasion
Wands
 e - a wand of flame (49)
 y - a wand of paralysis (17)
 C - a wand of mindburst (13)
 D - a wand of iceblast (19)
 O - a wand of acid (8)
Scrolls
 i - 4 scrolls of fog
 o - 2 scrolls of summoning
 u - 5 scrolls of enchant armour
 F - a scroll of magic mapping
 J - a scroll of vulnerability {unknown}
 K - a scroll of enchant weapon {unknown}
 P - 6 scrolls of teleportation
 U - a scroll of silence {unknown}
Potions
 m - 3 potions of flight
 n - 2 potions of ambrosia
 s - 4 potions of curing
 w - 2 potions of attraction {unknown}
 x - a potion of brilliance {unknown}
 A - 2 potions of lignification {unknown}
 M - a potion of mutation {unknown}
 Q - 2 potions of haste


   Skills:
 - Level 10.0(15.0) Fighting
 - Level 8.0(13.0) Short Blades
 - Level 11.9(16.9) Polearms
 + Level 13.5(18.5) Bows
 - Level 2.0(7.0) Throwing
 - Level 15.0(20.0) Dodging
 - Level 4.0(9.0) Shields
 - Level 8.0 Invocations


You had 12 spell levels left.
You didn't know any spells.
Your spell library contained the following spells:

 Spells                   Type           Power      Damage    Failure   Level
 Apportation              Tloc           0%         N/A       43%         1
 Beastly Appendage        Tmut           0%         N/A       43%         1
 Magic Dart               Conj           0%         1d3       43%         1
 Sandblast                Erth           0%         2d4       43%         1
 Sting                    Tmut/Pois      0%         1d3       43%         1
 Passwall                 Tmut/Erth      0%         N/A       56%         2
 Poisonous Vapours        Pois/Air       0%         N/A       56%         2
 Static Discharge         Conj/Air       0%         N/A       56%         2
 Conjure Flame            Conj/Fire      0%         6-21      80%         3
 Ignite Poison            Fire/Tmut/Pois 0%         N/A       80%         3
 Mephitic Cloud           Conj/Pois/Air  0%         N/A       80%         3
 Ozocubu's Armour         Ice            0%         N/A       80%         3
 Stone Arrow              Conj/Erth      0%         3d7       80%         3
 Olgreb's Toxic Radiance  Pois           0%         N/A       99%         4
 Passage of Golubria      Tloc           0%         N/A       99%         4
 Sticky Flame             Conj/Fire      0%         2d3       99%         4
 Alistair's Intoxication  Tmut/Pois      0%         N/A       100%        5
 Irradiate                Conj/Tmut      0%         3d14      100%        5
 Iskenderun's Battlesphe  Conj           0%         2d6       100%        5
 Lightning Bolt           Conj/Air       0%         1d11      100%        5
 Metabolic Englaciation   Hex/Ice        0%         N/A       100%        5
 Silence                  Hex/Air        0%         N/A       100%        5
 Dispersal                Tloc           0%         N/A       100%        6
 Iron Shot                Conj/Erth      0%         9d1       100%        6
 Dragon Form              Tmut           0%         N/A       100%        7
 Lehudib's Crystal Spear  Conj/Erth      0%         10d2      100%        8
 Maxwell's Capacitive Co  Air            0%         ∞         100%        8
 Necromutation            Tmut/Necr      0%         N/A       100%        8
 Summon Small Mammal      Summ           Unusable   N/A       N/A         1
 Call Imp                 Summ           Unusable   N/A       N/A         2
 Call Canine Familiar     Summ           Unusable   N/A       N/A         3
 Summon Guardian Golem    Hex/Summ       Unusable   N/A       N/A         3
 Simulacrum               Ice/Necr       Unusable   N/A       N/A         6
 Malign Gateway           Summ/Tloc      Unusable   N/A       N/A         7
 Spellforged Servitor     Conj/Summ      Unusable   N/A       N/A         7

Dungeon Overview and Level Annotations

Branches:
Dungeon (12/15)            Temple (1/1) D:4            Lair (0/6) D:11
    Orc (2/2) D:10            Elf (0/3) Orc:2       Gauntlet (visited)

Altars:
Ashenzari
Cheibriados
Dithmenos
Elyvilon
Fedhas
Gozag
Hepliaklqana
Kikubaaqudgha
Makhleb
Nemelex Xobeh
Okawaru
Qazlal
Ru
Sif Muna
Trog
Uskayaw
Vehumet
Wu Jian
Xom
Yredelemnul
Zin
The Shining One
Beogh
Jiyva

Shops:
D:6 *   D:9 [   D:11 (   Orc:2 (

Annotations:
D:7 Pikel
D:9 1 runed translucent door, exclusion: orc
D:12 Frances; Rupert


Innate Abilities, Weirdness & Mutations

((You are quick and stealthy near water. (Stealth+, EV+, Speed+++)))
Your lower body shifts to a powerful aquatic tail in water.


Message History

The ogre shouts!
You hear a shout!
You barely miss the two-headed ogre.
The two-headed ogre completely misses you.
The two-headed ogre hits you but does no damage.
You puncture the two-headed ogre! You burn the two-headed ogre.
The two-headed ogre is moderately wounded.
You hit the two-headed ogre but do no damage.
The two-headed ogre is moderately wounded.
The ogre mage misses you.
You hit the two-headed ogre but do no damage.
The two-headed ogre is moderately wounded.
You puncture the two-headed ogre! You burn the two-headed ogre.
The two-headed ogre is heavily wounded.
The two-headed ogre hits you with a +0 giant club!!
The two-headed ogre closely misses you.
The ogre mage gestures at you while chanting.
The bolt of magma hits you!!
The ogre hits you with a +0 giant spiked club!!
The two-headed ogre barely misses you. x2; The ogre mage barely misses you.
You gain the combat prowess of a mighty hero.
The two-headed ogre hits you with a +0 giant club.
The two-headed ogre closely misses you.
The ogre mage hits you from afar with a +0 spear!
* * * LOW HITPOINT WARNING * * *
You completely miss the two-headed ogre.
The two-headed ogre is heavily wounded.
You puncture the two-headed ogre! You burn the two-headed ogre.
The two-headed ogre is severely wounded.
The ogre mage closely misses you.
The two-headed ogre hits you with a +0 giant club!!
* * * LOW HITPOINT WARNING * * *
The two-headed ogre completely misses you.
The ogre completely misses you.
As you read the scroll of teleportation, it crumbles to dust.
You feel strangely unstable. The ogre hits you with a +0 giant club.
* * * LOW HITPOINT WARNING * * *
The ogre mage hits you from afar with a +0 spear.
* * * LOW HITPOINT WARNING * * *
The two-headed ogre hits you with a +0 giant spiked club!
You die...

##.####.............
###.......#........
##........#.#.......
#...................
#.##..........#....
##..#..#.).>)......
####......)...........
##.#...................
#.....@.#†##..#........
##...OO...##...........
##.##$..#OO...##..........
#.......#OO...###.........
.......#......#.##$.......
.....##.#....#......#.....
............###..<.#......


OO............................. TO.O.$.#......................... You could see
2 two-headed ogres, an ogre mage and 3 ogres.

Vanquished Creatures
  The ghost of lastplaneout the Nimble, a journeyman TrBe of Trog (D:11)
  Josephine (Orc:1)
  2 hydras
  An ogre mage (Orc:2)
  6 two-headed ogres
  4 slime creatures
  Nergalle (D:12)
  2 deep trolls (Orc:1)
  3 orc knights
  A deep elf pyromancer (Orc:1)
  An orc sorcerer (Orc:2)
  A deep elf zephyrmancer (Orc:1)
  A manticore (D:11)
  5 ugly things
  2 cyclopes
  A smoke demon (Gauntlet)
  Psyche (D:10)
  A kobold demonologist (D:11)
  A red devil (Gauntlet)
  10 trolls
  Prince Ribbit (D:7)
  A hornet (D:9)
  Sigmund (D:6)
  5 wraiths
  9 yaks
  8 shadows (Gauntlet)
  2 wyverns (D:9)
  7 vampire mosquitoes (D:12)
  A steam dragon (D:7)
  Menkaure (D:6)
  6 wargs
  2 water moccasins
  16 orc warriors
  2 black bears
  4 sky beasts
  2 ice beasts
  A swamp drake (Orc:1)
  22 ogres
  6 centaurs
  A necrophage (D:7)
  A phantom (D:5)
  3 lemures
  Blork the orc (D:6)
  A kobold brigand (D:11)
  4 bullfrogs
  A scorpion (D:5)
  3 gnoll sergeants
  A water moccasin zombie (D:5)
  10 killer bees (D:10)
  6 howler monkeys
  5 crimson imps
  3 bullfrog zombies
  8 orc priests
  4 hounds
  5 jellies
  A centaur zombie (D:8)
  A bullfrog skeleton (D:4)
  An iron imp (Orc:1)
  Crazy Yiuf (D:3)
  A gnoll shaman (D:6)
  2 iguanas
  24 orc wizards
  Ijyb (D:3)
  A hound skeleton (D:4)
  12 gnolls
  7 adders
  A shadow imp (Orc:1)
  2 white imps
  2 ufetubi (D:5)
  3 adder skeletons
  A worm (D:4)
  3 dart slugs
  90 orcs
  4 ball pythons
  3 bats
  3 endoplasms
  6 giant cockroaches
  8 goblins
  7 hobgoblins
  5 jackals
  2 quokkas
  A frilled lizard (D:1)
  8 kobolds
  3 rats
  A spectral hobgoblin (D:5)
405 creatures vanquished.

Vanquished Creatures (others)
  2 sky beasts
  3 orc wizards
  An orc (D:7)
  2 demonic plants (Gauntlet)
  A plant (D:7)
9 creatures vanquished.

Grand Total: 414 creatures vanquished

Notes
Turn   | Place    | Note
-------+----------+-------------------------------------------
     0 | D:1      | devnull the Merfolk Gladiator began the quest for the Orb.
     0 | D:1      | Reached XP level 1. HP: 16/16 MP: 1/1
   116 | D:1      | Reached XP level 2. HP: 23/23 MP: 2/2
   646 | D:1      | Identified a scroll of acquirement
   646 | D:1      | Acquired a +4 ring of protection
  1002 | D:2      | Reached skill level 5 in Polearms
  1002 | D:2      | Reached XP level 3. HP: 21/28 MP: 3/3
  1577 | D:3      | Reached skill level 5 in Dodging
  1577 | D:3      | Reached XP level 4. HP: 18/35 MP: 4/4
  2570 | D:3      | Reached XP level 5. HP: 29/41 MP: 5/5
  2711 | D:3      | Noticed Ijyb
  2774 | D:3      | Killed Ijyb
  3292 | D:2      | Reached XP level 6. HP: 22/48 MP: 6/6
  3565 | D:3      | Reached skill level 6 in Dodging
  3758 | D:3      | Found a runed translucent door.
  3759 | D:3      | Noticed Crazy Yiuf
  3770 | D:3      | Killed Crazy Yiuf
  4334 | D:4      | Identified the +7 flail of Xichez {chaos, rF+}
  4341 | D:4      | Reached XP level 7. HP: 33/55 MP: 7/7
  4689 | D:4      | Found a staircase to the Ecumenical Temple.
  4889 | D:4      | Found a shimmering blue altar of Sif Muna.
  4940 | Temple   | Entered the Ecumenical Temple
  5288 | Temple   | Upgraded the game from 0.28-a0-804-g60983d4ba9 to
                  | 0.28-a0-850-g09de17f5b5
  5399 | Temple   | Became a worshipper of Warmaster Okawaru
  5464 | D:5      | Entered Level 5 of the Dungeon
  5545 | D:5      | Reached skill level 5 in Fighting
  5611 | D:5      | Reached skill level 7 in Dodging
  5656 | D:5      | Found a basalt altar of Yredelemnul.
  5676 | D:5      | Found a hazy altar of Hepliaklqana.
  5735 | D:5      | Reached * piety under Okawaru
  5851 | D:5      | Reached XP level 8. HP: 59/64 MP: 8/8
  5905 | D:5      | Reached skill level 1 in Invocations
  5936 | D:5      | Reached skill level 8 in Dodging
  6418 | D:6      | Found Ijuown's Overcharged Wands.
  6454 | D:6      | Noticed Menkaure
  6464 | D:6      | Noticed Sigmund
  6467 | D:6      | Killed Menkaure
  6467 | D:6      | Reached ** piety under Okawaru
  6471 | D:6      | Reached skill level 9 in Dodging
  6471 | D:6      | Reached XP level 9. HP: 64/72 MP: 9/11
  6504 | D:6      | Killed Sigmund
  6505 | D:6      | Reached skill level 10 in Polearms
  6563 | D:6      | Noticed Blork the orc
  6594 | D:6      | Killed Blork the orc
  6711 | D:6      | Found a stormy altar of Qazlal.
  7123 | D:7      | Noticed Pikel
  7264 | D:7      | Reached *** piety under Okawaru
  7265 | D:7      | Reached skill level 5 in Invocations
  7310 | D:7      | Found a glowing silver altar of Zin.
  7310 | D:7      | Noticed an angel
  7319 | D:7      | Found a snail-covered altar of Cheibriados.
  7406 | D:7      | Reached skill level 10 in Dodging
  7494 | D:7      | Got Lehudib's Papyrus of Conjuration
  7502 | D:7      | Noticed Prince Ribbit
  7512 | D:7      | Killed Prince Ribbit
  7640 | D:7      | Reached XP level 10. HP: 82/82 MP: 13/13
  8228 | D:8      | Reached skill level 1 in Bows
  8323 | D:8      | Noticed a two-headed ogre
  8352 | D:8      | Killed a two-headed ogre
  8352 | D:8      | Reached **** piety under Okawaru
  8585 | D:8      | Acquired the +10 quick blade of the Glimmering Hero {flame,
                  | rElec Will+ Str-5}
  8610 | D:8      | Reached skill level 11 in Dodging
  8808 | D:9      | Received a gift from Okawaru
  8809 | D:9      | Reached skill level 1 in Short Blades
  9042 | D:9      | Noticed a brown ugly thing
  9064 | D:9      | Killed a brown ugly thing
  9090 | D:9      | Found a burning altar of Makhleb.
  9090 | D:9      | Found a sparkling altar of Nemelex Xobeh.
  9219 | D:9      | Noticed an orc knight
  9219 | D:9      | Noticed a yaktaur captain
  9219 | D:9      | Noticed a boulder beetle
  9220 | D:9      | Found a runed translucent door.
  9222 | D:9      | Identified the +1 robe of Eczeof {Str+3}
  9222 | D:9      | Noticed a yaktaur captain
  9222 | D:9      | Noticed a centaur warrior
  9222 | D:9      | Noticed an ice dragon
  9222 | D:9      | Identified the ring "Ifav" {+Blink rElec rF+ Str+4 Int-4}
  9222 | D:9      | Noticed a deep elf zephyrmancer
  9222 | D:9      | Noticed an ogre mage
  9255 | D:9      | Found an opulent altar of Gozag.
  9320 | D:9      | Found Tutwan's Armour Boutique.
  9328 | D:9      | Bought a +0 pair of boots for 63 gold pieces
  9755 | D:10     | Entered Level 10 of the Dungeon
  9818 | D:10     | Found a broken altar of Ashenzari.
  9838 | D:10     | Noticed Psyche
  9851 | D:10     | Killed Psyche
  9952 | D:10     | Reached XP level 11. HP: 84/89 MP: 13/16
 10070 | D:10     | Noticed a two-headed ogre
 10085 | D:10     | Killed a two-headed ogre
 10085 | D:10     | Reached ***** piety under Okawaru
 10253 | D:10     | Reached skill level 5 in Bows
 10469 | D:10     | Reached skill level 12 in Dodging
 10487 | D:10     | Found a staircase to the Orcish Mines.
 10543 | D:11     | Found Plog's Weapon Boutique.
 10607 | D:11     | Noticed a four-headed hydra
 10617 | D:11     | Killed a four-headed hydra
 10751 | D:11     | Noticed a two-headed ogre
 10766 | D:11     | Killed a two-headed ogre
 10909 | D:11     | Reached skill level 10 in Fighting
 10935 | D:11     | Reached skill level 5 in Short Blades
 10936 | D:11     | Found a staircase to the Lair.
 10992 | D:11     | Received a gift from Okawaru
 11269 | D:11     | Found a runed translucent gate.
 11269 | D:11     | Found a runed translucent gate.
 11269 | D:11     | Found a runed translucent gate.
 11275 | D:11     | Noticed lastplaneout's ghost (journeyman TrBe)
 11311 | D:11     | Noticed a white ugly thing
 11321 | D:11     | Killed a white ugly thing
 11421 | D:11     | You fall into a shaft and drop 1 floor!
 11507 | D:12     | Identified the +5 scale mail of Yhyhakke {Contam rPois
                  | rF+++ Dex-2} (Okawaru gifted it to you on level 12 of the
                  | Dungeon)
 11507 | D:12     | Received a gift from Okawaru
 11547 | D:12     | Found a gate leading to a gauntlet.
 11556 | Gauntlet | Entered a Gauntlet
 11556 | Gauntlet | Noticed a catoblepas
 11556 | Gauntlet | Found a transporter.
 11556 | Gauntlet | Found a transporter.
 11561 | Gauntlet | Found a transporter.
 11561 | Gauntlet | Found a transporter.
 11561 | Gauntlet | Found a transporter.
 11571 | Gauntlet | Noticed an oklob plant
 11572 | Gauntlet | Found a transporter.
 11572 | Gauntlet | Found a transporter.
 11575 | Gauntlet | Found a transporter.
 11575 | Gauntlet | Found a transporter.
 11585 | Gauntlet | Found a transporter.
 11586 | Gauntlet | Found a transporter.
 11630 | Gauntlet | Found a transporter.
 11931 | Gauntlet | Reached skill level 13 in Dodging
 11988 | Gauntlet | Reached XP level 12. HP: 97/97 MP: 18/18
 12032 | Gauntlet | Found the +3 warlock's mirror {reflect}
 12032 | Gauntlet | Noticed a minotaur
 12085 | Gauntlet | Got Teshigo's Papyrus of the Compass
 12088 | Gauntlet | Got the Guide on Transmutation
 12201 | D:12     | Noticed Nergalle
 12226 | D:12     | Killed Nergalle
 12342 | D:12     | Noticed a six-headed hydra
 12366 | D:12     | Killed a six-headed hydra
 12510 | D:12     | Found a bloodstained altar of Trog.
 12627 | D:12     | Reached skill level 14 in Dodging
 12673 | D:12     | Noticed Frances
 12673 | D:12     | Noticed Rupert
 12961 | D:11     | Noticed a two-headed ogre
 12980 | D:11     | Killed a two-headed ogre
 12992 | D:11     | Received a gift from Okawaru
 13186 | D:11     | Found a viscous altar of Jiyva.
 13211 | D:11     | Reached skill level 10 in Bows
 13252 | D:11     | Killed lastplaneout's ghost
 13253 | D:11     | Reached skill level 15 in Dodging
 13445 | Orc:1    | Entered Level 1 of the Orcish Mines
 13454 | D:10     | Received a gift from Okawaru
 13498 | D:10     | Reached skill level 1 in Shields
 13778 | Orc:1    | Noticed Josephine
 13841 | Orc:1    | Killed Josephine
 13842 | Orc:1    | Reached XP level 13. HP: 97/103 MP: 11/19
 14746 | Orc:1    | Found the +0 mask of the Dragon {Will+ Slay+3 SInv}
 14823 | Orc:2    | Entered Level 2 of the Orcish Mines
 15044 | Orc:2    | Found Moimuikh's Weapon Boutique.
 15058 | Orc:2    | Identified the +1 ring mail of the Burgomaster {rC++ Regen+
                  | Dex+3} (Okawaru gifted it to you on level 2 of the Orcish
                  | Mines)
 15058 | Orc:2    | Received a gift from Okawaru
 15435 | Orc:2    | Found a staircase to the Elven Halls.
 15513 | Orc:2    | HP: 4/103 [ogre mage (3)]
 15514 | Orc:2    | Mangled by a two-headed ogre

Illustrated notes

Levels and vault maps discovered:
D:1:      psy_arrival_dodecagon, layout_basic
D:2:      layout_loops_ring, hex_large, minmay_misc_feat_room
D:3:      layout_basic, minmay_misc_feat_nine_boxes, uniq_ijyb,
          uniq_crazy_yiuf_cottage
D:4:      layout_cave_pools, marbit_many_paths, minmay_temple_entry_metal_lava,
          st_stairs_12
D:5:      layout_loops_ring, overflow_temple_1_default,
          nicolae_hepliaklqana_monster_ancestors,
          minmay_fractal_squares_diagonal_5
D:6:      layout_rooms, kennysheep_little_box, nicolae_shop_overcharged_wands,
          uniq_blork_the_orc, uniq_menkaure, uniq_sigmund
D:7:      layout_gridville, zin_angel, kennysheep_mini, serial_bayou_pond_d,
          nrook_mini_backslash, minmay_manual_macuahuitl, uniq_pikel,
          uniq_prince_ribbit1
D:8:      layout_loops_ring
D:9:      minmay_gate_of_8, layout_basic, grunt_gozag_statues,
          mainiacjoe_overflow_divided_tiny, serial_shops,
          nicolae_shop_waterfront, uniq_maurice
D:10:     layout_roguey, mainiacjoe_overflow_small_starburst, hiddenorc1_lemuel,
          serial_corexii_hall, chequers_hall_statues_corner_a,
          corexii_hall_statues_x, uniq_psyche
D:11:     layout_stronghold, erik_lair_orcish_takeover, serial_shops, shop,
          gammafunk_ghost_ooze
D:12:     lemuel_flame_loot_2, layout_basic, gauntlet_entry_generic,
          trog_hazing_becter, uniq_nergalle, uniq_rupert, uniq_frances
Temple:   minmay_temple_forest_path
Orc:1:    layout_caves, basic_altar, hangedman_minor_magic, uniq_josephine
Orc:2:    st_orc_open, layout_caves

Skill      XL: |  1  2  3  4  5  6  7  8  9 10 11 12 13 |
---------------+----------------------------------------+-----
Polearms       | 5 6 7 8 9 11 | 11.9
Fighting       | 3 4 5 7 8 9 10 | 10.0
Dodging        | 5 6 7 9 10 11 13 15 | 15.0
Invocations    | 3 5 6 8 |  8.0
Bows           | 4 7 11 13 | 13.5
Short Blades   | 3 6 8 |  8.0
Shields        | 3 4 |  4.0
Throwing       | |  2.0

Action                   |  1- 3 |  4- 6 |  7- 9 | 10-12 | 13-15 || total
-------------------------+-------+-------+-------+-------+-------++-------
Melee: Trident           |    90 |   248 |   101 |       |       ||   439
       Flail             |       |       |   123 |       |       ||   123
       Spear             |       |       |   195 |    65 |       ||   260
       Punch             |       |       |     1 |     3 |     3 ||     7
       Quick blade       |       |       |       |   835 |   369 ||  1204
       Tailslap          |       |       |       |     1 |       ||     1
 Fire: Shortbow          |       |       |       |    30 |    14 ||    44
Throw: Throwing net      |       |     4 |     1 |     4 |       ||     9
       Boomerang         |       |       |     5 |     1 |       ||     6
Invok: Heroism           |       |       |     5 |    10 |     5 ||    20
       Finesse           |       |       |       |     5 |     2 ||     7
Evoke: Wand              |       |       |     3 |     4 |       ||     7
  Use: Scroll            |     3 |     2 |       |     8 |     1 ||    14
       Potion            |       |     2 |       |     3 |       ||     5
 Stab: Sleeping          |     2 |       |       |     2 |       ||     4
       Held in net/web   |       |     2 |       |     3 |       ||     5
Armor: Leather armour    |     6 |       |       |       |       ||     6
       Chain mail        |    24 |   146 |   229 |       |       ||   399
       Steam dragon scal |       |       |     7 |   136 |    38 ||   181
Dodge: Dodged            |    26 |    97 |   179 |   427 |   186 ||   915
Block: Buckler           |       |       |       |    24 |     6 ||    30

Table legend: (Time is in decaauts)
 A = Elapsed time spent in this place.
 B = Non-inter-level travel time spent in this place.
 C = Inter-level travel time spent in this place.
 D = Time resting spent in this place.
 E = Time spent auto-exploring this place.
 F = Levels seen in this place.
 G = Mean time per level.
                   A        B        C        D        E       F      G
               +--------+--------+--------+--------+--------+-----+--------+
         Total |  14633 |  13820 |    813 |   1732 |   8237 |  16 |  914.6 |
       Dungeon |  12148 |  11589 |    559 |   1559 |   7133 |  12 | 1012.3 |
        Temple |    506 |    307 |    199 |      0 |    294 |   1 |  506.0 |
  Orcish Mines |   1518 |   1464 |     54 |    173 |    771 |   2 |  759.0 |
      Gauntlet |    459 |    459 |      0 |      0 |     39 |   1 |  459.0 |
               +--------+--------+--------+--------+--------+-----+--------+

Top non-repeatable levels by time:
     D:3: 2053 daAuts
     D:2: 1538 daAuts
    D:11: 1448 daAuts
   Orc:1: 1171 daAuts
     D:9: 959 daAuts
    D:10: 942 daAuts
     D:5: 940 daAuts
     D:7: 786 daAuts
     D:6: 769 daAuts
     D:4: 745 daAuts
     D:8: 685 daAuts
     D:1: 655 daAuts
    D:12: 622 daAuts
  Temple: 506 daAuts
Gauntlet: 459 daAuts
